 Dungeon Crawl Stone Soup version 0.25-a0-886-gd7461d2276 (webtiles) character file.

Game seed: 1763994076431333536, levelgen mode: classic

1044 EnegeticOcto the Frost Mage (level 8, -2/53 HPs)
             Began as a Barachi Ice Elementalist on May 2, 2020.
             Was an Initiate of Vehumet.
             Slain by a wight
             ... wielding a +4 great sword
              (7 damage)
             ... on level 5 of the Dungeon.
             The game lasted 00:10:02 (7364 turns).

EnegeticOcto the Frost Mage (BaIE)                  Turns: 7364, Time: 00:10:03

Health: -2/53      AC:  7    Str: 10    XL:     8   Next: 25%
Magic:  1/11       EV: 12    Int: 17    God:    Vehumet [......]
Gold:   205        SH:  0    Dex: 15    Spells: 3/11 levels left

rFire    . . .     SeeInvis .   w - +3 dagger (speed)
rCold    . . .     Gourm    .   (no shield)
rNeg     . . .     Faith    .   a - +0 robe
rPois    .         Spirit   .   f - +0 helmet
rElec    .         Reflect  .   t - +0 cloak
rCorr    .         Harm     .   v - +2 pair of gloves
MR       .....                  (no boots)
Stlth    ++........             x - amulet of rage
HPRegen  0.17/turn              o - +2 ring of dexterity
MPRegen  0.12/turn              (no ring)

@: can't hop, drained, slow
A: +LOS, swims, slowness 1, strong legs 1
a: Hop, Renounce Religion, Evoke Berserk Rage


You were on level 5 of the Dungeon.
You worshipped Vehumet.
Vehumet was noncommittal.
You were hungry.

You visited 2 branches of the dungeon, and saw 7 of its levels.

You collected 205 gold pieces.

Inventory:

Hand Weapons
 q - a +0 spear
 w - a +3 dagger of speed (weapon)
Missiles
 p - 36 poisoned darts (quivered)
 C - 2 throwing nets {!f}
Armour
 a - a +0 robe (worn)
 f - a +0 helmet (worn)
 t - a +0 cloak (worn)
 v - a +2 pair of gloves (worn)
Jewellery
 o - a +2 ring of dexterity (left hand)
 x - an amulet of rage (around neck)
Wands
 u - a wand of polymorph (7)
Scrolls
 b - 2 scrolls of magic mapping {@r5 !r}
 c - 2 scrolls of remove curse {@r2}
 g - a scroll of amnesia
 m - a scroll of teleportation {@r3 !r}
 n - a scroll of blinking {@r4}
Potions
 j - 3 potions of curing {@q1 !q}
 l - 3 potions of mutation
 r - a potion of stabbing {unknown}
 s - a potion of degeneration {unknown}
 z - a potion of haste {unknown}
 A - a potion of brilliance
Comestibles
 e - 8 rations


   Skills:
 + Level 0.5(0.0) Fighting
 - Level 2.1(1.1) Dodging
 - Level 1.7(0.7) Stealth
 - Level 2.1(1.1) Spellcasting
 + Level 5.0(3.9) Summonings
 - Level 10.8(9.4) Ice Magic
 + Level 0.3(0.0) Evocations


You had 3 spell levels left.
You knew the following spells:

 Your Spells              Type           Power        Failure   Level  Hunger
a - Freeze                Ice            ####         1%          1    ##.....
b - Frozen Ramparts       Ice            ####..       1%          3    ####...
c - Summon Ice Beast      Ice/Summ       ###.....     14%         4    #####..

Your spell library contained the following spells:

 Spells                   Type           Power        Failure   Level  Hunger
 Call Imp                 Summ           ##......     6%          2    ###....
 Ozocubu's Armour         Chrm/Ice       ###.....     9%          3    ####...
 Magic Dart               Conj           #...         22%         1    ##.....
 Blink                    Tloc           N/A          32%         2    ###....
 Slow                     Hex            #.......     32%         2    ###....
 Conjure Flame            Conj/Fire      #.......     54%         3    ####...
 Mephitic Cloud           Conj/Pois/Air  #.......     54%         3    ####...
 Hailstorm                Conj/Ice       ###.....     30%         4    #####..


Dungeon Overview and Level Annotations

Branches:
Dungeon (6/15)             Temple (1/1) D:4

Altars:
Dithmenos
Gozag
Hepliaklqana
Makhleb
Ru
Vehumet
Wu Jian
Xom
Yredelemnul
Zin
The Shining One

Annotations:
D:5 2 runed translucent doors, Zajic's ghost, amateur MiBe


Innate Abilities, Weirdness & Mutations

You can be seen from farther away. (+LOS)
You can swim through water.
You cover ground slowly.
You can hop short distances.


Message History

You barely miss the wight.
The wight is lightly damaged.
You hit the wight but do no damage.
The wight is lightly damaged.
Your ice beast hits the wight but does no damage.
The wight completely resists.
The wall freezes the wight but do no damage.
The wight barely misses your ice beast.
You hit the wight but do no damage.
The wight is lightly damaged.
You flicker back into view.
Your ice beast hits the wight.
Your ice beast freezes the wight.
The wight resists.
You barely miss the wight.
The wight is moderately damaged.
The wight resists.
The wall freezes the wight.
The wight hits your ice beast with a +4 great sword!
Your ice beast dies!
The wight resists.
The wall freezes the wight.
Evoke which item? (* to show all) (? for menu, Esc to quit)
Okay, then.
It was a potion of heal wounds.
You feel much better.
A worker ant comes into view.
The wight resists.
The wall freezes the wight.
The wight resists.
The wall freezes the wight.
Really read
m - 2 scrolls of teleportation {@r3 !r}?
As you read the scroll of teleportation {@r3 !r}, it crumbles to dust.
You feel strangely unstable.
The wight completely resists.
The wall freezes the wight but do no damage.
The wight completely resists.
The wall freezes the wight but do no damage.
An orc and a quasit come into view.
The quasit gives a chilling moan.
The worker ant twitches its antennae in your direction.
The orc shouts!
The wight completely resists.
The wall freezes the wight but do no damage.
The wight completely resists.
The wall freezes the wight but do no damage.
A worker ant comes into view.
The wall freezes the worker ant.
An orc comes into view.
The frozen ramparts melt away.
The worker ant bites you.
Your surroundings suddenly seem different.
There is a fountain of clear blue water here.
Hop to where?
Press: ? - help, Dir - move target cursor Boing!
There is a stone staircase leading up here.
The wight hits you with a +4 great sword!
You climb upwards.
Level annotation: 2 runed translucent doors, Zajic's ghost, amateur MiBe
There is a stone staircase leading down here.
Press: ? - help, v - describe, . - travel
Here: a wight, wielding a +4 great sword and wearing a +0 robe (moderately damaged)
The floor.
Unknown command.
Okay, then.
Press: ? - help, v - describe, . - travel
Here: a wight, wielding a +4 great sword and wearing a +0 robe (moderately damaged)
The floor.
Casting: Frozen Ramparts (safe; 1% risk of failure)
Confirm with . or Enter, or press ? or * to list all spells.
Aiming: Freeze (safe; 1% risk of failure)
Press: ? - help, Shift-Dir - straight line, f - wight
Aim: a wight, wielding a +4 great sword and wearing a +0 robe (moderately damaged)
The wight resists.
You freeze the wight.
The wight is moderately damaged.
The wight hits you but does no damage.
Casting: Freeze (safe; 1% risk of failure)
Confirm with . or Enter, or press ? or * to list all spells.
Aiming: Freeze (safe; 1% risk of failure)
Press: ? - help, Shift-Dir - straight line, f/p - wight
Aim: a wight, wielding a +4 great sword and wearing a +0 robe (moderately damaged)
The wight resists.
You freeze the wight.
The wight is heavily damaged.
The wight completely misses you.
You hit the wight.
The wight is severely damaged.
You barely miss the wight.
The wight is severely damaged.
The wight hits you with a +4 great sword!
You hit the wight.
The wight is severely damaged.
You hit the wight.
The wight is almost destroyed.
The wight hits you with a +4 great sword!
Really quaff
k - a potion of heal wounds {@q2 !q}?
You feel much better.
The wight hits you with a +4 great sword!!
You feel drained.
Your magical contamination has completely faded away.
You barely miss the wight.
The wight is severely damaged.
You closely miss the wight.
The wight is severely damaged.
The wight hits you with a +4 great sword!
* * * LOW HITPOINT WARNING * * *
You feel drained.
You die...

#.# #......# #..#
#.####################..#
####.......................#
...........#############...#
...........##..............#
...........##..............#
#############.#####........###
.....# ###♣.♣##.......>.#
.....# ##..@..##......#.#
.....# ##....z..##.....#.#
.....# ####...###...##......#
.....# #.#♣.♣##.##♣[♣#....###
.....# #.##.#
#..##'##....#.#### .....#
#.#..# #...........#.....
.....# #.#.##
#....#.#.......### .....#
##.#.#########.#...##..#
.....# #......# #.#..###..#


You could see a wight.

Vanquished Creatures
  Duvessa (D:4)
  A centaur (D:5)
  An ogre (D:4)
  A bullfrog (D:5)
  Dowan (D:4)
  A scorpion (D:5)
  2 orc priests (D:4)
  2 iguanas
  4 worker ants
  5 orc wizards
  4 gnolls (D:5)
  7 adders
  A shadow imp (D:5)
  4 oozes
  7 worms
  An adder skeleton (D:6)
  2 dart slugs (D:1)
  3 leopard geckos
  7 orcs
  A ball python (D:1)
  9 bats
  6 giant cockroaches
  2 gnoll zombies (D:5)
  14 goblins
  8 hobgoblins
  15 jackals
  4 kobolds
  2 quokkas
  6 frilled lizards
  A leopard gecko skeleton (D:4)
  A leopard gecko zombie (D:5)
  A quokka zombie (D:5)
  8 rats
133 creatures vanquished.

Notes
Turn   | Place    | Note
-------+----------+-------------------------------------------
     0 | D:1      | EnegeticOcto the Barachi Ice Elementalist began the quest
                  | for the Orb.
     0 | D:1      | Reached XP level 1. HP: 13/13 MP: 3/3
    36 | D:1      | Reached skill level 5 in Ice Magic
   176 | D:1      | Reached XP level 2. HP: 16/19 MP: 0/5
   490 | D:1      | Reached XP level 3. HP: 21/24 MP: 2/6
   495 | D:1      | Learned a level 3 spell: Frozen Ramparts
   613 | D:1      | Reached skill level 6 in Ice Magic
  1750 | D:2      | Reached XP level 4. HP: 29/30 MP: 4/7
  2216 | D:2      | Reached skill level 7 in Ice Magic
  2320 | D:2      | Found a shadowy altar of Dithmenos.
  2954 | D:2      | Reached XP level 5. HP: 31/35 MP: 4/8
  4261 | D:4      | Reached skill level 8 in Ice Magic
  4263 | D:4      | Reached XP level 6. HP: 41/41 MP: 5/9
  4361 | D:4      | Noticed Dowan
  4382 | D:4      | Noticed Duvessa
  4392 | D:4      | Killed Duvessa
  4392 | D:4      | Reached skill level 9 in Ice Magic
  4394 | D:4      | Killed Dowan
  4480 | D:4      | Learned a level 4 spell: Summon Ice Beast
  4741 | D:4      | Reached skill level 1 in Summonings
  4741 | D:4      | Reached XP level 7. HP: 41/46 MP: 6/10
  4807 | D:4      | Found a staircase to the Ecumenical Temple.
  4814 | D:4      | Reached skill level 10 in Ice Magic
  5028 | Temple   | Entered the Ecumenical Temple
  5079 | Temple   | Became a worshipper of Vehumet
  5254 | D:4      | Found an ornate altar of the Wu Jian Council.
  5465 | D:5      | Entered Level 5 of the Dungeon
  5674 | D:5      | Found a large runed translucent door.
  5675 | D:5      | Found a large runed translucent door.
  5679 | D:5      | Noticed Zajic's ghost (amateur MiBe)
  6099 | D:5      | Reached XP level 8. HP: 27/52 MP: 7/11
  6874 | D:5      | Found a basalt altar of Yredelemnul.
  7303 | D:6      | Reached skill level 5 in Summonings
  7364 | D:5      | Slain by a wight

Levels and vault maps discovered:
D:1:      psy_arrival_fountain, layout_basic, st_stairs_10, minmay_pentomino_o4
D:2:      layout_basic, nicolae_dithmenos_shadow_blocks
D:3:      layout_loops_corners, kennysheep_generic_room_5
D:4:      layout_cave_pools, lemuel_crystal_altar,
          minmay_temple_entry_proselytizer, uniq_duvessa
D:5:      layout_basic, lemuel_zombie_altar_yredelemnul, first_ration,
          ebering_ghost_disaster_area, grunt_ministairs_8
D:6:      layout_rooms, minitemple, uniq_pikel, uniq_maggie
Temple:   jpeg_temple_clearing

Skill      XL: |  1  2  3  4  5  6  7  8 |
---------------+-------------------------+-----
Ice Magic      | 5 6 7 8 9 10 | 10.8
Summonings     | 1 4 5 |  5.0
Fighting       | |  0.5
Dodging        | |  2.1
Stealth        | |  1.7
Spellcasting   | |  2.1
Evocations     | |  0.3

Action                   |  1- 3 |  4- 6 |  7- 9 || total
-------------------------+-------+-------+-------++-------
Melee: Unarmed           |    30 |    29 |       ||    59
       Spear             |       |    32 |       ||    32
       Dagger            |       |    17 |   118 ||   135
Throw: Dart              |       |    14 |     4 ||    18
 Cast: Freeze            |    57 |    27 |     2 ||    86
       Frozen Ramparts   |       |    16 |    17 ||    33
       Summon Ice Beast  |       |       |     1 ||     1
 Abil: Hop               |     1 |       |     1 ||     2
  Use: Scroll            |     2 |     4 |     8 ||    14
       Potion            |       |       |     3 ||     3
 Stab: Sleeping          |       |     4 |     2 ||     6
       Invisible         |       |       |     1 ||     1
  Eat: Chunk             |     4 |    12 |     7 ||    23
       Ration            |       |       |     1 ||     1
Armor: Robe              |    29 |    11 |    12 ||    52
Dodge: Dodged            |    60 |    44 |    63 ||   167

Table legend:
 A = Non-vault XP
 B = Vault XP
 C = Vault XP percentage of total XP
 D = Non-vault monster count
 E = Vault monster count
 F = Vault count percentage of total count
                 A         B        C        D         E       F
            +---------+---------+-------+---------+---------+-------
      Total |    1199 |     293 |  19.6 |     121 |      12 |   9.0
            +---------+---------+-------+---------+---------+-------
        D:1 |      56 |      12 |  17.6 |      30 |       5 |  14.3
        D:2 |     107 |       0 |   0.0 |      29 |       0 |   0.0
        D:3 |      49 |       2 |   3.9 |      16 |       1 |   5.9
        D:4 |     451 |     262 |  36.7 |      23 |       3 |  11.5
        D:5 |     481 |      17 |   3.4 |      20 |       3 |  13.0
        D:6 |      55 |       0 |   0.0 |       3 |       0 |   0.0
            +---------+---------+-------+---------+---------+-------
